[Event "Early-Titled-Tuesday-Blitz-September-05-2023"]
[Site "Chess.com"]
[Date "2023.09.05"]
[Round "3"]
[White "Sjakkerntobi"]
[Black "meoluoi91"]
[Result "0-1"]
[WhiteElo "2477"]
[BlackElo "2682"]
[TimeControl "180+1"]
[EndTime "8:27:59 PDT"]
[Termination "meoluoi91 won on time"]

1. e4 c6 2. Nc3 d5 3. Nf3 g6 4. d4 Bg7 5. e5 Nh6 6. Bg5 f6 7. exf6 exf6 8. Bf4 O-O 9. Be2 a5 10. O-O Na6 11. Re1 Nc7 12. h3 Ne6 13. Bh2 b5 14.
Bd3 a4 15. a3 Nf7 16. Ne2 Bh6 17. c3 Bd7 18. Qc2 Kg7 19. Bg3 Qb6 20. Nh2 f5 21. Nf3 f4 22. Bh2 Rae8 23. Nh4 Nh8 24. Nf3 Bc8 25.
Ne5 Bg5 26. Kh1 Qc7 27. Ng1 Be7 28. Ngf3 Bd6 29. b3 axb3 30. Qxb3 Nf7 31. a4 Nxe5 32. dxe5 Bc5 33. axb5 Bxf2 34. Rf1 Nc5 35. Qc2 Be3 36. bxc6 Re7 37. Be2 Qxc6 38. Qd1 Ne4 39. Qe1 Qxc3 40.
Qxc3 Nxc3 41. Rae1 d4 42. Bd3 Bb7 43. Ra1 Bd5 44.
Bg1 Rd8 45. Bxe3 dxe3 0-1

[Event "Early-Titled-Tuesday-Blitz-September-05-2023"]
[Site "Chess.com"]
[Date "2023.09.05"]
[Round "3"]
[White "renehp"]
[Black "jeetjain"]
[Result "0-1"]
[WhiteElo "2440"]
[BlackElo "2617"]
[TimeControl "180+1"]
[EndTime "8:27:59 PDT"]
[Termination "jeetjain won on time"]

1. e4 Nc6 2. d4 e5 3. dxe5 Nxe5 4.
Bf4 Ng6 5. Bg3 Bc5 6. Nc3 d6 7.
Bc4 Nf6 8. Qe2 O-O 9. O-O-O Qe7 10. f3 Be6 11. h4 Nh5 12. Bh2 Nhf4 13. Bxf4 Nxf4 14.
Qd2 Nxg2 15. Qxg2 Bxc4 16. h5 h6 17. Nge2 Qg5+ 18. Qxg5 hxg5 19. Ng3 a6 20. Nf5 f6 21. Nd5 Bxd5 22. Rxd5 Kf7 23. c3 Rae8 24. b4 Bb6 25. Kc2 Rh8 26. a4 Rh7 27. a5 Ba7 28. c4 g4 29. c5 dxc5 30. Rd7+ Kf8 31. Rxc7 gxf3 32. Rxb7 Bb8 33. bxc5 Bf4 34. Rf1 Rxe4 35. Rxf3 Rxh5 36. Kd3 Ra4 37. c6 Rxf5 38. c7 Rd5+ 0-1

[Event "Early-Titled-Tuesday-Blitz-September-05-2023"]
[Site "Chess.com"]
[Date "2023.09.05"]
[Round "3"]
[White "kingofthenil"]
[Black "vesalhamedinia"]
[Result "1-0"]
[WhiteElo "2713"]
[BlackElo "2478"]
[TimeControl "180+1"]
[EndTime "8:28:01 PDT"]
[Termination "kingofthenil won by resignation"]

1. e4 c5 2. Nf3 Nc6 3. d4 cxd4 4.
Nxd4 Nf6 5. Nc3 e5 6. Nf3 Bb4 7. Bd2 d6 8. Bd3 O-O 9. h3 Be6 10. O-O Re8 11. Ng5 d5 12. Nxe6 Rxe6 13. exd5 Nxd5 14.
Nxd5 Qxd5 15. Be3 Rd8 16. Qg4 e4 17. Be2 Qe5 18. c3 Bc5 19. Rad1 Bxe3 20. fxe3 Qc5 21.
Kh1 Qe7 22. Bc4 Rf6 23. Rxd8+ Qxd8 24. Rxf6 Qxf6 25. Qxe4 g6 26. Bd5 Qf1+ 27. Kh2 Qf6 28. b4 Ne5 29. Bxb7 h5 30. Bd5 Kg7 31. c4 Nd7 32. Qf4 Qe7 33. c5 Nf6 34. Bf3 Nd7 35. Qd4+ Ne5 36. Bd5 Qc7 37. Qf4 f6 38. Kh1 g5 39.
Qf5 Qb8 40. a3 a5 41. Be4 Kf7 42. Qh7+ Ke6 43. Qf5+ Ke7 44. Bd5 axb4 45. Qe6+ Kd8 46. Qxf6+ Ke8 47. Qh8+ Kd7 48. Qxb8 1-0

[Event "Early-Titled-Tuesday-Blitz-September-05-2023"]
[Site "Chess.com"]
[Date "2023.09.05"]
[Round "3"]
[White "ChainedDowntohell"]
[Black "Irina_Mikhaylova"]
[Result "1-0"]
[WhiteElo "2568"]
[BlackElo "2310"]
[TimeControl "180+1"]
[EndTime "8:28:02 PDT"]
[Termination "ChainedDowntohell won by resignation"]

1. d4 Nf6 2. Nf3 g6 3. e3 Bg7 4. b4 O-O 5. Bb2 d6 6. Be2 b6 7. c4 Nbd7 8. O-O Bb7 9. a4 e5 10. Nc3 Ne4 11. Nxe4 Bxe4 12. a5 c5 13. Nd2 Bb7 14. a6 Bc8 15. Ne4 Qe7 16. dxc5 dxc5 17. b5 Rd8 18. Qd6 Qxd6 19. Nxd6 Nf8 20. Rad1 Be6 21. Bf3 Rab8 22. Bc6 Bf6 23. Rd2 Be7 24. Bxe5 Bxd6 25. Bxd6 Rbc8 26. Rc1 Bd7 27. Bb7 Be6 28.
Bxc8 Rxc8 29. Bxf8 Kxf8 30. f3 Ke7 31. Kf2 Rc7 32. g4 h5 33. h3 h4 34. e4 f5 35.
gxf5 gxf5 36. exf5 Bxf5 37. Re1+ Kf6 38. Rd6+ Kf7 39. Re5 Bxh3 40. Rh5 Kg7 41. Rxh4 Bf5 42. Rf4 Bd3 43. Rxd3 1-0

[Event "Early-Titled-Tuesday-Blitz-September-05-2023"]
[Site "Chess.com"]
[Date "2023.09.05"]
[Round "3"]
[White "ural58"]
[Black "borocotoajua"]
[Result "1/2-1/2"]
[WhiteElo "2527"]
[BlackElo "2593"]
[TimeControl "180+1"]
[EndTime "8:28:03 PDT"]
[Termination "Game drawn by repetition"]

1. e4 c6 2. Nc3 d5 3. Nf3 Bg4 4. h3 Bxf3 5. Qxf3 e6 6. Be2 d4 7. Nb1 Nd7 8. Qg3 d3 9. Bxd3 Nc5 10. Nc3 Nxd3+ 11. cxd3 Ne7 12. O-O Ng6 13. f4 Bc5+ 14. Kh1 f5 15. exf5 exf5 16. Re1+ Kf7 17. b4 Bd4 18. Bb2 Qd6 19. b5 Rhe8 20. bxc6 bxc6 21. Na4 Bxb2 22. Nxb2 Qxf4 23. Qxf4 Nxf4 24. Rf1 g5 25. g3 Nxh3 26. Rxf5+ Kg6 27. Rc5 Re2 28. Rxc6+ Kh5 29. Rf1 Nf2+ 30. Kg2 Rf8 31. g4+ Nxg4+ 32. Kg1 Rxf1+ 33. Kxf1 Rxd2 34. Nc4 Rxd3 35. Rc7 h6 36. Rxa7 Rc3 37. Nd2 Rc2 38. Ne4 Nh2+ 39. Ke1 Nf3+ 40. Kd1 Rb2 41. a4 g4 42. a5 Rb4 43. Ng3+ Kg5 44. Rg7+ Kf4 45. Ne2+ Ke3 46. Re7+ Kf2 47. a6 Ra4 48. a7 g3 49. Nc3 Ra1+ 50. Kc2 g2 51.
Ne4+ Kf1 52. Ng3+ Kf2 53. Ne4+ Kf1 54. Ng3+ Kf2 55. Ne4+ 1/2-1/2

[Event "Early-Titled-Tuesday-Blitz-September-05-2023"]
[Site "Chess.com"]
[Date "2023.09.05"]
[Round "3"]
[White "MAGMAchess02"]
[Black "ChampStan"]
[Result "1-0"]
[WhiteElo "2409"]
[BlackElo "2124"]
[TimeControl "180+1"]
[EndTime "8:28:03 PDT"]
[Termination "MAGMAchess02 won by resignation"]

1. e4 c5 2. Nc3 d6 3. d4 cxd4 4. Qxd4 Nc6 5. Qd2 Nf6 6. b3 e6 7. Bb2 Be7 8. O-O-O O-O 9. f3 a6 10. Kb1 b5 11. g4 Bb7 12. h4 b4 13. Nce2 a5 14. g5 Nd7 15. f4 a4 16. Nd4 axb3 17.
cxb3 Qa5 18. Ba1 Nxd4 19. Bxd4 Bxe4+ 20. Ka1 Bxh1 21. Bd3 e5 22. Bf2 e4 23. Bb1 Nc5 24. Qb2 Qa3 25. Qxa3 Rxa3 26. Kb2 Rfa8 27. f5 Nd3+ 28.
Bxd3 Rxa2+ 29. Kc1 exd3 30. Bd4 Rc2+ 31. Kb1 Be4 32.
f6 Bf8 33. Nh3 d2 34. Nf2 Rc1+ 35. Kb2 Rc2+ 36. Kb1 Rca2+ 37. Nxe4 d5 38. Nxd2 R2a6 39. Nf3 Re6 40. Ne5 gxf6 41. gxf6 Rxf6 42. Rg1+ Bg7 43. Rxg7+ Kxg7 44. Nd7 Ra6 45. h5 h6 46. Nxf6 Rxf6 47. Kc2 Kf8 48. Bxf6 Ke8 49. Kd3 Kd7 50. Bg7 Ke6 51.
Bxh6 Kf6 52. Bd2 Ke5 53. h6 Kf6 54. Kd4 Kg6 55. Kxd5 1-0

[Event "Early-Titled-Tuesday-Blitz-September-05-2023"]
[Site "Chess.com"]
[Date "2023.09.05"]
[Round "3"]
[White "Battever"]
[Black "Aureliano-Buendia"]
[Result "0-1"]
[WhiteElo "2458"]
[BlackElo "2655"]
[TimeControl "180+1"]
[EndTime "8:28:04 PDT"]
[Termination "Aureliano-Buendia won on time"]

1. e4 c5 2. Nf3 d6 3. Bb5+ Bd7 4.
Bxd7+ Qxd7 5. c4 Nf6 6. Nc3 g6 7. d4 cxd4 8. Nxd4 Bg7 9. O-O O-O 10. b3 Nc6 11. Bb2 a6 12. a4 Nxd4 13. Qxd4 e6 14. Rfd1 Rfd8 15. a5 Qc6 16. Na4 Ne8 17. Qe3 Bxb2 18.
Nxb2 d5 19. cxd5 exd5 20. exd5 Rxd5 21. Rxd5 Qxd5 22. Nc4 Rd8 23. h3 Nd6 24. Nb6 Qb5 25.
Qe7 Qe8 26. Re1 h5 27. Re3 Qxe7 28. Rxe7 Kf8 29. Rc7 Re8 30. Rd7 Re6 31. Nd5 Kg7 32.
Nc7 Re1+ 33. Kh2 Ne4 34. f3 Nc5 35. Rd5 Nxb3 36. Kg3 Ra1 37. Ne8+ Kf8 38. Nd6 Rxa5 39. Rd3 Nc5 40. Rc3 b6 41. Nc8 Nd7 42. Rc7 Rd5 43.
Rb7 b5 44. Ra7 Nc5 45. Nb6 Rg5+ 46. Kf4 Rf5+ 47. Kg3 b4 48. Rc7 Kg7 49. f4 b3 50.
Nc4 Rd5 51. Ne5 Rxe5 52. fxe5 b2 53. e6 b1=Q 54. Rxf7+ Kg8 0-1

[Event "Early-Titled-Tuesday-Blitz-September-05-2023"]
[Site "Chess.com"]
[Date "2023.09.05"]
[Round "3"]
[White "Byniolus"]
[Black "Journey_to_GrandMaster_YT"]
[Result "0-1"]
[WhiteElo "2825"]
[BlackElo "2616"]
[TimeControl "180+1"]
[EndTime "8:28:06 PDT"]
[Termination "Journey_to_GrandMaster_YT won on time"]

1. d4 d6 2. Nf3 Nf6 3. Bf4 Nbd7 4. h3 g6 5. e3 Bg7 6. Be2 O-O 7. O-O b6 8. c3 Bb7 9. Nbd2 e6 10. a4 a6 11. Bh2 Qe7 12. Qb3 Rab8 13. Rfd1 e5 14. Rac1 Rfe8 15. Qa3 a5 16. Bb5 Rbd8 17. b4 Ne4 18.
bxa5 bxa5 19. Nc4 Ng5 20. Nxg5 Qxg5 21. d5 e4 22. Nxa5 Bxd5 23. Nc6 Ra8 24. c4 Be6 25. Nd4 Re7 26. Nxe6 fxe6 27. Bc6 Ra5 28. Bxe4 Nc5 29. Bc6 Rf7 30. Bg3 Be5 31. Bxe5 Qxe5 32. Rb1 Rf8 33. Qb4 Ra7 34. a5 Qf5 35. Rf1 Nd3 36. Qd2 Ne5 37. Bb5 c6 38. Qxd6 cxb5 39. Rxb5 Nxc4 40. Qb4 Qd3 41.
Rc5 Nd2 42. Re1 Rfa8 43. Rc3 Qd7 0-1

[Event "Early-Titled-Tuesday-Blitz-September-05-2023"]
[Site "Chess.com"]
[Date "2023.09.05"]
[Round "3"]
[White "Mops_2004"]
[Black "Sibelephant"]
[Result "0-1"]
[WhiteElo "2820"]
[BlackElo "3139"]
[TimeControl "180+1"]
[EndTime "8:28:09 PDT"]
[Termination "Sibelephant won by resignation"]

1. g3 Nf6 2. Bg2 d5 3. Nf3 g6 4. O-O Bg7 5. d4 Nbd7 6. b3 O-O 7. Bb2 b6 8. c4 Bb7 9. Nc3 e6 10. Rc1 dxc4 11. bxc4 c5 12. e3 Ne4 13. Qb3 Qe7 14. Rfd1 Rfd8 15. a4 Rab8 16. a5 bxa5 17. Qa2 Ba8 18. Ba1 Nb6 19. Nxe4 Bxe4 20. Qxa5 Qb7 21. Ne1 Bxg2 22. Nxg2 cxd4 23. c5 Nd5 24. c6 Qc7 25. Qxc7 Nxc7 26. Bxd4 Bxd4 27. Rxd4 Rxd4 28. exd4 Rd8 29. Rc4 Kf8 30. Nf4 Ke7 31. Nd3 Rb8 32. Ra4 a6 33. Nc5 Rb6 34. Kg2 Rxc6 35. Kf3 Rb6 36. Ke4 Rb2 37. Nxa6 Nxa6 38. Rxa6 Rxf2 39. h4 Rd2 40. Ke3 Rd1 41. Ra7+ Kf6 42. Rb7 Re1+ 43. Kf3 Ra1 44. Rd7 Ra3+ 45. Kf4 h6 46. Rd8 Rd3 47. Kg4 Ke7 0-1

[Event "Early-Titled-Tuesday-Blitz-September-05-2023"]
[Site "Chess.com"]
[Date "2023.09.05"]
[Round "3"]
[White "MITerryble"]
[Black "Trendle"]
[Result "1-0"]
[WhiteElo "2928"]
[BlackElo "2711"]
[TimeControl "180+1"]
[EndTime "8:28:09 PDT"]
[Termination "MITerryble won by resignation"]

1. e4 e6 2. d4 d5 3. exd5 exd5 4.
Nf3 Bd6 5. c4 c6 6. Nc3 Ne7 7.
Bd3 dxc4 8. Bxc4 O-O 9. O-O Nd7 10.
Re1 Nb6 11. Bb3 Nbd5 12. Bd2 Bg4 13. h3 Bh5 14. g4 Bg6 15. Ne5 Nxc3 16. bxc3 Nd5 17.
Qf3 Qh4 18. Kg2 Kh8 19. Bxd5 cxd5 20. Qxd5 Bxe5 21. Rxe5 f6 22. Re7 Rad8 23. Qe6 h6 24.
Re1 Bh7 25. Qe3 Bg8 26. Qg3 Bd5+ 27. Kh2 Qxg3+ 28. Kxg3 a6 29. a4 Rc8 30. a5 Rc4 31.
Rd7 Bc6 32. Rc7 Bd5 33. Rxc4 Bxc4 34. Re7 Rf7 35. Re8+ Kh7 36. Bf4 f5 37. Be5 fxg4 38.
hxg4 Bd5 39. f4 Bc6 40. Rd8 Rd7 41. Rc8 Be4 42. c4 Kg6 43. Rf8 Bd3 44. f5+ Kh7 45.
Rc8 h5 46. gxh5 Bxf5 47. d5 Be4 48. Kf4 Bd3 49. d6 Rf7+ 50. Ke3 Bf5 51. Rc7 Rxc7 52. dxc7 Kh6 53. Kd4 Kxh5 54. Kc5 Kg6 55. Kb6 Bc8 56.
Ka7 Kf5 57. Kb8 Bd7 58. Bxg7 1-0

[Event "Early-Titled-Tuesday-Blitz-September-05-2023"]
[Site "Chess.com"]
[Date "2023.09.05"]
[Round "3"]
[White "MartinMatthiesen"]
[Black "Ali_rastbod"]
[Result "0-1"]
[WhiteElo "2468"]
[BlackElo "2670"]
[TimeControl "180+1"]
[EndTime "8:28:09 PDT"]
[Termination "Ali_rastbod won on time"]

1. d4 Nf6 2. c4 a6 3. Nc3 c5 4.
dxc5 e5 5. Nf3 Nc6 6. Bg5 Bxc5 7. a3 O-O 8. e3 Be7 9. Bxf6 Bxf6 10. Be2 d6 11.
O-O Be6 12. Rc1 Rc8 13. Nd2 Be7 14. b4 f5 15. Nb3 e4 16. Nd5 Ne5 17. Nd4 Bd7 18.
Qb3 Kh8 19. Rfd1 Bh4 20. g3 Bg5 21. Nf4 Qe7 22. Nd5 Qf7 23. Nb6 Rcd8 24. Nxd7 Rxd7 25. c5 d5 26. c6 bxc6 27. Nxc6 Nxc6 28. Rxc6 h5 29. Rxa6 h4 30. Ra5 Rfd8 31. b5 Kh7 32. b6 g6 33. Bb5 Rd6 34. Ra7 Be7 35. b7 Rb6 36. Rc1 Rb8 37. Rc7 Kh6 38. Qc3 Rxb5 39. Rc8 R8xb7 40. Rh8+ Kg5 41. gxh4+ Kg4 42. Kg2 Bxh4 43.
h3+ Kg5 44. Rxb7 Rxb7 45. Qe5 Qc7 0-1

[Event "Early-Titled-Tuesday-Blitz-September-05-2023"]
[Site "Chess.com"]
[Date "2023.09.05"]
[Round "3"]
[White "effefe"]
[Black "YoreDea"]
[Result "0-1"]
[WhiteElo "2350"]
[BlackElo "2571"]
[TimeControl "180+1"]
[EndTime "8:28:09 PDT"]
[Termination "YoreDea won by resignation"]

1. d4 c5 2. d5 g6 3. c4 Bg7 4. Nc3 Bxc3+ 5. bxc3 e5 6. e4 d6 7. h4 h5 8. Bg5 f6 9. Be3 Qe7 10. Be2 Nh6 11. f3 Nd7 12. Qd2 Nf7 13. Nh3 Kd8 14.
Nf2 Kc7 15. Kd1 f5 16. Kc2 f4 17. Bxf4 exf4 18. Qxf4 Nde5 19. a4 a5 20. Kb2 b6 21.
Kb3 Bd7 22. Nh3 Raf8 23. Qd2 Rhg8 24. Nf4 Nd8 25. Ka3 Qf6 26. Nh3 Bxh3 27. Rxh3 Qf4 28.
Qb2 Qe3 29. Rb1 Nd7 30. Bf1 g5 31. hxg5 Rxg5 32. Ka2 Rf4 33. Rc1 h4 34. Rc2 Rg3 35. Rxg3 hxg3 36. Qb5 Qe1 37. Be2 Qg1 38. Qb1 Qxg2 39. Qb2 Qg1 40. Qc1 Qxc1 41. Rxc1 Rf8 42. Rg1 Rg8 43. f4 Nf6 44. Bf3 Nf7 45. Kb2 Kd7 46. Kc2 Ke7 47. Kd3 Nd7 48. Ke3 Kf6 49. Rh1 Nf8 50. Rg1 Rg7 51. Be2 Nh6 52. Kf3 Rg4 53.
Bf1 Ng6 54. Rxg3 Nh4+ 55. Kf2 Rxf4+ 56. Kg1 Rxe4 57. Bd3 Rf4 58. Kh2 N6f5 59. Kh3 Rf3 60. Rxf3 Nxf3 61. Kg4 Ne5+ 62. Kf4 Nxd3+ 63. Ke4 Nb2 64.
Kf3 Nxa4 65. Kf4 Nxc3 0-1

[Event "Early-Titled-Tuesday-Blitz-September-05-2023"]
[Site "Chess.com"]
[Date "2023.09.05"]
[Round "3"]
[White "aghasiyevkamal"]
[Black "H_E_D_G_E_H_O_G"]
[Result "1-0"]
[WhiteElo "2527"]
[BlackElo "2049"]
[TimeControl "180+1"]
[EndTime "8:28:09 PDT"]
[Termination "aghasiyevkamal won on time"]

1. e4 e6 2. d4 d5 3. Nc3 Nc6 4. Nf3 Nf6 5. e5 Ne4 6. Bd3 Bb4 7. Bd2 Bxc3 8. Bxc3 b6 9. O-O Bb7 10. Bd2 Nxd2 11.
Qxd2 Qe7 12. Rfe1 h6 13. Rac1 Na5 14. b3 c5 15. dxc5 O-O 16. cxb6 axb6 17. Nd4 Nc6 18. Nxc6 Bxc6 19. Re3 Rxa2 20. Rg3 Kh8 21. Re1 f5 22.
exf6 Qxf6 23. Rf3 Qe7 24. Rxf8+ Qxf8 25. Rxe6 Ra1+ 26. Re1 Qf6 27. h3 Kg8 28. Qe3 Rxe1+ 29. Qxe1 d4 30. Qb4 Bd5 31. Qb5 Qe6 32. Qb4 Kf7 33.
Qxd4 Qe1+ 34. Kh2 Qe6 35. Qf4+ Kg8 36. Qe3 Qd6+ 37. f4 b5 38. Qe5 Qc6 39. Qd4 Bxg2 40. Qd8+ Kf7 41. Qd4 Bh1 42. Qf2 Bd5 43. f5 b4 44. Qg3 1-0

[Event "Early-Titled-Tuesday-Blitz-September-05-2023"]
[Site "Chess.com"]
[Date "2023.09.05"]
[Round "3"]
[White "binbin239"]
[Black "UmarovSabir"]
[Result "0-1"]
[WhiteElo "2522"]
[BlackElo "2346"]
[TimeControl "180+1"]
[EndTime "8:28:09 PDT"]
[Termination "UmarovSabir won by checkmate"]

1. d4 g6 2. c4 Bg7 3. Nf3 c6 4.
g3 f5 5. Bg2 Nf6 6. O-O d5 7. Nc3 O-O 8. Ne5 e6 9. Rb1 Nbd7 10. b4 Ne4 11. Nxe4 fxe4 12. Ng4 Nf6 13. Bg5 Qe8 14. Nxf6+ Bxf6 15. Bxf6 Rxf6 16. b5 Bd7 17. e3 cxb5 18. cxb5 Bxb5 19. Re1 Ba6 20. Rb2 Qf7 21. Qc2 Rf8 22. a4 Bd3 23. Qd2 b6 24. f4 exf3 25. Bxf3 Rxf3 26. Qxd3 Rf2 27. Reb1 Qf3 28. Rxf2 Qxf2+ 29. Kh1 Rf3 30. Qb5 Rxe3 31.
Qe8+ Kg7 32. Qe7+ Qf7 33. Qg5 Qf3+ 34. Kg1 Re2 35. Qe7+ Qf7 36. Qxf7+ Kxf7 37. Rc1 h5 38. Rc7+ Kf6 39. Rxa7 Rd2 40. Rb7 Rxd4 41. Rxb6 Rxa4 42. Kg2 Ra2+ 43. Kh3 Kf5 44. Rb3 g5 45. Rf3+ Ke5 46. g4 hxg4+ 47. Kxg4 Rxh2 48. Kxg5 d4 49. Rf1 Kd5 50.
Re1 e5 51. Kf5 Rf2+ 52. Kg4 d3 53. Kg3 Rf8 54. Ra1 Kd4 55. Ra4+ Ke3 56. Ra3 e4 57.
Kg2 Ke2 58. Ra4 e3 59. Kh2 d2 60. Ra1 d1=Q 61. Rxd1 Kxd1 62. Kg2 e2 63. Kh3 e1=Q 64.
Kh2 Rg8 65. Kh3 Qg3# 0-1

[Event "Early-Titled-Tuesday-Blitz-September-05-2023"]
[Site "Chess.com"]
[Date "2023.09.05"]
[Round "3"]
[White "Grossboss19"]
[Black "NowInChess"]
[Result "1-0"]
[WhiteElo "2488"]
[BlackElo "2263"]
[TimeControl "180+1"]
[EndTime "8:28:11 PDT"]
[Termination "Grossboss19 won on time"]

1. a3 g6 2. Nf3 Bg7 3. c4 e5 4. Nc3 d6 5. g3 f5 6. Bg2 Nf6 7. O-O O-O 8. d3 c6 9. Nd2 Be6 10. b4 d5 11. Bb2 d4 12. Na4 Nbd7 13. e3 dxe3 14. fxe3 Qc7 15. Qe2 Rad8 16. Rad1 Ng4 17. h3 Ngf6 18. e4 Nh5 19. Rf3 f4 20. g4 Ng3 21. Qf2 h5 22. gxh5 gxh5 23. d4 h4 24. d5 Bf7 25. c5 cxd5 26. exd5 Bxd5 27. Rd3 Bc6 28. Nc3 Nf6 29. Nc4 e4 30. Rxd8 Rxd8 31. Rxd8+ Qxd8 32. Qxf4 Qd4+ 33. Ne3 Ne2+ 34. Nxe2 Qxb2 35.
Qf2 Qb1+ 36. Kh2 Qd3 37. Nf4 Qd7 38. Ne2 Qe7 39. Nf5 Qe5+ 40. Qf4 Qxf4+ 41. Nxf4 e3 42. Nxe3 Bxg2 43. Kxg2 Ne4 44. Kf3 Nc3 45. Nc2 Nb5 46.
Ne6 Nc3 47. Nd8 b6 48. c6 Be5 49. Ne6 Bd6 50. c7 1-0

[Event "Early-Titled-Tuesday-Blitz-September-05-2023"]
[Site "Chess.com"]
[Date "2023.09.05"]
[Round "3"]
[White "NovozhilovSemen"]
[Black "Evgeny81"]
[Result "0-1"]
[WhiteElo "2565"]
[BlackElo "2750"]
[TimeControl "180+1"]
[EndTime "8:28:12 PDT"]
[Termination "Evgeny81 won by resignation"]

1. d4 d5 2. c4 c6 3. cxd5 cxd5 4. Bg5 h6 5. Bh4 Nc6 6. Nc3 g5 7. Bg3 Bg7 8. e3 e6 9. Bd3 a6 10. Nf3 h5 11. h4 g4 12. Nd2 f5 13. f3 Nf6 14. Rc1 O-O 15. O-O Bd7 16. Bd6 Rf7 17. f4 Ne8 18. Ba3 Qxh4 19. Qe1 Qd8 20. Na4 b5 21.
Nc5 b4 22. Nxe6 Bxe6 23. Rxc6 Bd7 24. Rc5 bxa3 25. Rxd5 Nc7 26. Rc5 axb2 27. Bc4 Ne6 28. Rd5 Qe7 29. Nb3 Rc8 30. Bd3 Nc7 31. Rc5 Nb5 32.
Bc4 Rxc5 33. Nxc5 Nxd4 34. Bxf7+ Kxf7 35. Nxd7 Nc2 36. Qe2 Qxe3+ 37. Qxe3 Nxe3 38. Rb1 Ke6 39. Nc5+ Kd5 40. Nxa6 Kc4 41. a3 Bd4 42. Kh2 h4 43. Nb4 Kb3 44. Nd3 Kxa3 45. Nxb2 Bxb2 46. Re1 Bd4 47.
Rc1 Kb4 48. Rc7 Kb5 49. Rf7 Kc4 50. Rh7 Kd3 51. Rxh4 Ke4 52. g3 Kf3 53. Rh5 Nf1+ 54. Kh1 Nxg3+ 55. Kh2 Nxh5 0-1

[Event "Early-Titled-Tuesday-Blitz-September-05-2023"]
[Site "Chess.com"]
[Date "2023.09.05"]
[Round "3"]
[White "tteshan"]
[Black "KatakuriDono"]
[Result "1-0"]
[WhiteElo "2566"]
[BlackElo "2320"]
[TimeControl "180+1"]
[EndTime "8:28:12 PDT"]
[Termination "tteshan won by resignation"]

1. e4 e5 2. Nf3 Nc6 3. Bb5 a6 4.
Ba4 Nf6 5. O-O Be7 6. Re1 b5 7.
Bb3 d6 8. c3 O-O 9. h3 Na5 10.
Bc2 c5 11. d3 Re8 12. Nbd2 Bf8 13. Nf1 d5 14. exd5 Qxd5 15. Bg5 Nd7 16. d4 cxd4 17. Be4 Qd6 18. Bxa8 h6 19. Bh4 d3 20. Be4 Nc5 21. b4 Nxe4 22. Rxe4 Nc4 23. N1d2 Bb7 24. Nxc4 bxc4 25. Rxc4 e4 26. Rd4 Qg6 27. Ne1 a5 28.
Bg3 axb4 29. cxb4 f5 30. a4 Qf6 31. Rc4 f4 32. Bh2 f3 33. gxf3 exf3 34. Rf4 Qc3 35. Nxf3 Bxb4 36. Rb1 d2 37. Nxd2 Qc6 38. Nf3 Bd6 39.
Qb3+ Kh8 40. Qxb7 Qc2 41. Qb3 Qg6+ 42. Rg4 Qf6 43. Bxd6 Qxd6 44. Qc2 Rf8 45. Kg2 Qf6 46. Rb3 h5 47. Rg3 h4 48. Rg4 Rd8 49. Qg6 Rd6 50. Rxh4+ Kg8 51. Qxf6 gxf6 52. Rg4+ Kf7 53. a5 Rd1 54.
Rb7+ 1-0

[Event "Early-Titled-Tuesday-Blitz-September-05-2023"]
[Site "Chess.com"]
[Date "2023.09.05"]
[Round "3"]
[White "kaanadayhamle"]
[Black "djano"]
[Result "0-1"]
[WhiteElo "2357"]
[BlackElo "2578"]
[TimeControl "180+1"]
[EndTime "8:28:13 PDT"]
[Termination "djano won by resignation"]

1. Nf3 d5 2. g3 c6 3. Bg2 Nf6 4. O-O Bf5 5. c4 e6 6. Nc3 h6 7. cxd5 exd5 8. d4 Be7 9. Ne5 O-O 10. Kh1 Nbd7 11. f4 Re8 12. e3 Bb4 13. h3 Bh7 14. Kh2 Bd6 15. Bd2 Nb6 16. Be1 Nc4 17. Qe2 Bf8 18. g4 Nd6 19. Bh4 Qc7 20. Rac1 Nde4 21.
Bxe4 Nxe4 22. Nxd5 Qa5 23. Nc3 Nd6 24. f5 f6 25. Nc4 Qa6 26. Nxd6 Bxd6+ 27. Kg2 Qxe2+ 28.
Nxe2 Rxe3 29. Rce1 Rae8 30. Nc3 Kf8 31. Rxe3 Rxe3 32.
Re1 Rxe1 33. Bxe1 Bg8 34. Bg3 Bb4 35. a3 Ba5 36. Kf3 Ke7 37. b4 Bb6 38. Ke4 Bb3 39.
d5 Bc2+ 40. Kf3 Kd7 41. dxc6+ Kxc6 42. Ke2 Bd4 43. Kd2 Bb3 44. Ne2 Bb2 45. Bf4 Kd5 46.
Be3 b6 47. Nf4+ Ke4 48. Nh5 Bxa3 49. Kc3 Bf7 50. Bd2 Bxh5 51. gxh5 a5 52. bxa5 bxa5 53. Kb3 Bb4 54. Bc1 Kxf5 55. Be3 Ke4 56. Bb6 Kf5 57. h4 Kg4 58. Bd8 Kxh5 59. Bxf6 gxf6 0-1

[Event "Early-Titled-Tuesday-Blitz-September-05-2023"]
[Site "Chess.com"]
[Date "2023.09.05"]
[Round "3"]
[White "whitemirrorninja"]
[Black "Rikikits"]
[Result "0-1"]
[WhiteElo "2496"]
[BlackElo "2848"]
[TimeControl "180+1"]
[EndTime "8:28:14 PDT"]
[Termination "Rikikits won by resignation"]

1. d4 Nc6 2. Nc3 e5 3. dxe5 Nxe5 4. e4 Bb4 5. Qd4 Qe7 6. Bd2 Nf6 7. f4 Nc6 8. Qe3 d5 9. exd5 Qxe3+ 10. Bxe3 Nxd5 11. Bd2 Nxc3 12. bxc3 Bc5 13. Nf3 O-O 14. O-O-O Be6 15.
c4 Rfd8 16. Bd3 Nb4 17. Bxb4 Bxb4 18. Kb2 h6 19. f5 Bd7 20. Be4 c6 21. Ne5 Be8 22.
Rxd8 Rxd8 23. Nd3 Be7 24. Rb1 Kf8 25. Kc3 b6 26. a4 Bf6+ 27. Kb3 Rd4 28. Re1 c5 29.
Bd5 Bd7 30. Rf1 Ke7 31. h3 h5 32. Nf4 h4 33. Re1+ Kd6 34. Nh5 Bxf5 35. Nxf6 gxf6 36. Rf1 Ke5 37. Rf2 Be6 38. Re2+ Kd6 39. Bxe6 fxe6 40.
Rf2 f5 41. Kc3 Ke5 42. Re2+ Kf6 43. Re3 e5 44. g3 hxg3 45. Rxg3 Rh4 46. Kd3 e4+ 47.
Ke2 Ke5 48. a5 bxa5 49. Ra3 f4 50. Rxa5 Rxh3 51. Rxc5+ Kd4 52. Rc7 Rh2+ 53. Kf1 Rxc2 54. Rf7 Ke3 55. Rxa7 Kf3 56. Ra3+ e3 57. Ra1 Rxc4 58.
Re1 Rc8 59. Kg1 Rg8+ 60. Kf1 e2+ 61. Rxe2 Rg1+ 62. Kxg1 Kxe2 63. Kg2 f3+ 64. Kh2 f2 65. Kh1 f1=Q+ 66. Kh2 Qf8 0-1

[Event "Early-Titled-Tuesday-Blitz-September-05-2023"]
[Site "Chess.com"]
[Date "2023.09.05"]
[Round "3"]
[White "Zheenbekov86"]
[Black "BlitzWizard04"]
[Result "0-1"]
[WhiteElo "2401"]
[BlackElo "2595"]
[TimeControl "180+1"]
[EndTime "8:28:14 PDT"]
[Termination "BlitzWizard04 won on time"]

1. e4 c5 2. Nf3 e6 3. g3 d5 4. exd5 exd5 5. Bg2 Nc6 6. O-O Nf6 7. d4 cxd4 8. Re1+ Be7 9. Nxd4 Bg4 10. Qd3 O-O 11. Nd2 Qb6 12. N2b3 Rfe8 13. Be3 Qc7 14. Bf4 Bd6 15.
Nb5 Bxf4 16. Nxc7 Bxc7 17. h3 Bh5 18. Nd4 Bg6 19. Qd2 Ne4 20. Bxe4 Bxe4 21. Nxc6 bxc6 22. b3 Re6 23. c4 Rae8 24. cxd5 cxd5 25. Rac1 Bb6 26.
Kh2 Rf6 27. f4 g5 28. b4 gxf4 29. gxf4 Kf8 30. a4 a6 31. b5 axb5 32. axb5 Rfe6 33. Rc6 Rxc6 34. bxc6 Bc7 35. Kg3 Re6 36. Qb4+ Kg7 37. Qd4+ Kh6 38. Rc1 Rg6+ 39. Kf2 Rg2+ 40. Kf1 Kg6 41.
Ra1 Bxf4 42. c7 Bxc7 43. Ra6+ Kh5 44. Qd1+ Kh4 45. Rh6+ Kg3 46. Qe1+ Kh2 0-1

[Event "Early-Titled-Tuesday-Blitz-September-05-2023"]
[Site "Chess.com"]
[Date "2023.09.05"]
[Round "3"]
[White "AlexPapasimakopoulos"]
[Black "vladislavkovalev"]
[Result "1/2-1/2"]
[WhiteElo "2714"]
[BlackElo "2915"]
[TimeControl "180+1"]
[EndTime "8:28:16 PDT"]
[Termination "Game drawn by agreement"]

1. d4 Nf6 2. c4 e6 3. Nc3 Bb4 4. Qc2 O-O 5. a3 Bxc3+ 6. Qxc3 d5 7. Nf3 b6 8. Bg5 dxc4 9. Qxc4 Ba6 10. Qa4 h6 11.
Bxf6 Qxf6 12. e3 Bxf1 13. Kxf1 c5 14. Ke2 Rc8 15. Rac1 Nc6 16. Rhd1 Ne7 17. b4 cxd4 18. Nxd4 Nd5 19. Qb3 a5 20. Kf1 axb4 21. axb4 g6 22. h3 Rxc1 23. Rxc1 Qe7 24. Nc6 Qd6 25. b5 Qh2 26.
Qb2 Qh1+ 27. Ke2 Qxg2 28. Ra1 Re8 29. Qe5 Qxh3 30. e4 Qg4+ 31. Kd2 Qf4+ 32. Qxf4 Nxf4 33.
Ra6 f5 34. Rxb6 fxe4 35. Rb7 Nd5 36. Ne5 Rc8 37. Nxg6 Rc4 38. Ne5 Rb4 39. Kc2 h5 40. Ng6 Rc4+ 41. Kd2 Rb4 42. Kc2 e3 43. fxe3 Nxe3+ 44. Kd3 Nd5 45. Ne7+ Kf8 46. Nxd5 exd5 47. Rh7 h4 48. b6 h3 49. b7 h2 50. Rh8+ Kg7 51.
Rxh2 Rxb7 52. Kd4 Kf6 53. Kxd5 Re7 54. Rf2+ Kg7 55. Rf3 Re1 56. Rf4 Re2 57. Rf3 Re1 58.
Rf2 Re3 59. Rf1 Re8 60. Rf2 Re1 1/2-1/2